Map: Automaton LE

Players

Seph

  • Race: Zerg Zerg
  • Spawn Location: 3:00

Furly - Winner!

  • Race: Terran Terran
  • League: Silver
  • Spawn Location: 9:00

VOD

Have the link to the VOD?

Description

Time

  • Played on: Feb. 14, 2019, 8:15 p.m.
  • Length: 10:35
Show
View Real Time Build Order
Export as new Build Order

Seph Zerg 

Build Orders: Hatch First 

Get SALT Encoding   

  12  0:38  Hatchery  
  11  0:54  Spawning Pool  
  11  0:55  Drone  
  11  1:16  Drone x3  
  14  1:42  Hatchery  
  13  1:51  Queen  
  15  2:02  Zergling x2  
  15  2:05  Zergling x2  
  17  2:19  Zergling x2  
  19  2:44  Drone  
  19  2:52  Roach Warren  
  19  2:55  Extractor  
  17  3:03  Spore Crawler  
  17  3:04  Zergling x6  
  17  3:33  Zergling x4  
  18  3:40  Drone x3  
  18  3:48  Overlord  
  16  4:31  Roach x3  
  22  4:56  Overlord x2  
  22  4:57  Overlord  
  22  5:13  Roach  
  22  5:17  Queen  
  22  5:19  Roach x3  
  30  5:30  Ravager  
  24  5:44  Roach x2  
  28  5:52  Drone x3  
  31  6:20  Roach x3  
  31  6:25  Lair  
  37  6:27  Drone x3  
  37  6:32  Overlord x2  
  40  6:33  Overlord  
  23  7:14  Zergling x6  
  26  7:21  Spore Crawler  
  25  7:30  Zergling x4  
  25  7:31  Zergling x2  
  25  7:46  Zergling x4  
  25  7:56  Drone x2  
  21  8:00  Drone x2  
  18  8:27  Drone  
  14  9:07  Drone x2  
  16  9:51  Queen  
Show
View Real Time Build Order
Export as new Build Order

Furly Terran - Winner!

Build Orders:  

Get SALT Encoding   

  12  0:01  SCV  
  13  0:13  SCV  
  14  0:22  Supply Depot  
  14  0:25  SCV  
  15  0:37  Refinery  
  15  0:46  Barracks  
  15  0:48  SCV  
  16  1:02  Supply Depot  
  16  1:03  SCV  
  17  1:15  SCV  
  18  1:20  Refinery  
  18  1:28  SCV  
  19  1:33  Reaper  
  20  1:40  SCV  
  21  1:53  Orbital Command  
  21  1:57  Factory  
  21  2:13  Barracks Tech Lab  
  21  2:48  Starport  
  21  2:58  Siege Tank  
  24  3:01  Barracks Reactor  
  24  3:26  Viking  
  26  3:53  Marine x2  
  28  4:04  Siege Tank  
  31  4:12  Supply Depot  
  31  4:13  SCV  
  31  4:15  Marine x2  
  34  4:19  Starport Reactor  
  34  4:25  SCV  
  35  4:37  SCV  
  36  4:40  Marine x2  
  38  4:49  SCV  
  45  5:01  SCV  
  46  5:15  Medivac x2  
  46  5:16  Marine x2  
  46  5:21  Command Center  
  46  5:44  Siege Tank  
  49  5:50  Supply Depot  
  49  5:51  Supply Depot  
  49  5:54  Liberator  
  49  5:55  Marine x2  
  51  6:13  Marine x2  
  56  6:28  Starport  
  56  6:29  Engineering Bay  
  53  7:16  SCV  
  54  7:29  SCV  
  55  7:41  SCV  
  50  7:53  SCV  
  51  8:02  Orbital Command  
  51  8:05  Refinery, SCV  
  45  8:06  Refinery, Marine x2  
  47  8:19  Starport Reactor  
  47  8:22  Siege Tank  
  47  8:23  Terran Infantry Weapons Level 1  
  47  8:24  Marine x2  
  52  8:27  Engineering Bay  
  52  8:29  Armory  
  52  8:30  Armory  
  52  8:37  Barracks  
  52  8:40  Barracks  
  52  8:42  SCV  
  52  8:44  Barracks  
  52  8:45  Liberator  
  52  8:46  Liberator  
  53  8:51  SCV  
  53  8:54  SCV  
  55  9:03  SCV  
  55  9:06  SCV  
  63  9:28  SCV  
  63  9:29  SCV  
  65  9:40  SCV  
  65  9:41  SCV  
  67  9:53  SCV x2  
Tags
 
League
Silver
Matchup
TvZ
Spawn Locations
Cross Positions
Add a new tag
Caveats
  • Supply blocks, unpowered buildings, or Contaminate may cause inaccurate times.
  • Supply counts are checked every 10 seconds.